 Dungeon Crawl Stone Soup version 0.21.1-1-g345015f (webtiles) character file.

1693137 garbagetei the Metallomancer (level 27, 133/182 HPs)
             Began as a Gargoyle Earth Elementalist on Feb 9, 2018.
             Was the Champion of Ashenzari.
             Escaped with the Orb
             ... and 4 runes on Feb 19, 2018!
             The game lasted 09:00:16 (142269 turns).

garbagetei the Metallomancer (GrEE)               Turns: 142269, Time: 09:00:16

Health: 133/182    AC: 53    Str: 19    XL:     27
Magic:  9/48       EV: 22    Int: 26    God:    Ashenzari [******]
Gold:   3401       SH: 26    Dex: 22    Spells: 6/69 levels left

rFire    + . .     SeeInvis +   g - staff of earth (curse)
rCold    + + .     Gourm    .   V - +2 shield {AC+3} (curse)
rNeg     + . .     Faith    .   c - quicksilver dragon scales (curse)
rPois    ∞         Spirit   .   D - +0 helmet of Jedeo {rF+ rC+ Str+4 Dex+2} (curse)
rElec    +         Reflect  +   q - +2 cloak of the Thief {+Fog Slay-2 SInv Stlth+} (curse)
rCorr    +         Harm     .   n - +2 pair of gloves {Dex+3} (curse)
MR       +++++     Clarity  +   v - +0 pair of boots "Sapan" {Dex+3} (curse)
Stlth    +.........             S - brooch of Shielding {Reflect SH+8} (curse)
HPRegen  0.40/turn              y - ring of Leaves {MR++ Dex+2} (curse)
MPRegen  0.31/turn              Z - ring of resist corrosion

@: flying
A: big wings, agile 1, cold resistance 1, deterioration 1, negative energy
resistance 1, shaggy fur 1, electricity resistance, unbreathing, evolution 1,
petrification resistance, rot immunity, AC +20
0: Orb of Zot
}: 4/15 runes: barnacled, slimy, silver, gossamer
a: Stop Flying, Curse Item, Scrying, Transfer Knowledge, Renounce Religion,
Evoke Fog


You escaped.
You worshipped Ashenzari.
Ashenzari was exalted by your worship.
You were not hungry.

You visited 14 branches of the dungeon, and saw 60 of its levels.
You visited 1 bazaar.
You also visited: Labyrinth, Ice Cave and Wizlab.

You collected 9121 gold pieces.
You spent 5720 gold pieces at shops.

Inventory:

Missiles
 A - 1145 stones (quivered)
Armour
 c - cursed quicksilver dragon scales (worn)
 n - a cursed +2 pair of gloves of dexterity (worn)
 q - the cursed +2 cloak of the Thief (worn) {+Fog Slay-2 SInv Stlth+}
   (You found it on level 2 of the Depths)

   It affects your accuracy and damage with ranged weapons and melee attacks
   (-2).
   It lets you see invisible.
   It makes you more stealthy.
   It has a curse placed upon it.
 u - a scarf of resistance
 v - the cursed +0 pair of boots "Sapan" (worn) {Dex+3}
   (You found it in an ice cave)

   It affects your dexterity (+3).
   It has a curse placed upon it.
 D - the cursed +0 helmet of Jedeo (worn) {rF+ rC+ Str+4 Dex+2}
   (You found it on level 5 of the Dungeon)

   It affects your strength (+4).
   It affects your dexterity (+2).
   It protects you from fire.
   It protects you from cold.
   It has a curse placed upon it.
 V - a cursed +2 shield of protection (worn)
Magical Staves
 g - a cursed staff of earth (weapon)
 x - an uncursed staff of energy
Jewellery
 a - the ring of the Sky {rCorr *Drain rF+++ Str+2 Dex-4}
   (You found it on level 5 of the Vaults)

   [ring of resist corrosion]

   It affects your strength (+2).
   It affects your dexterity (-4).
   It renders you almost immune to fire.
   It causes draining when unequipped.
 i - the ring "Wuulux" {Wiz Dex+4}
   (You took it off a deep elf high priest on level 3 of the Elven Halls)

   [ring of wizardry]

   It improves your spell success rate.
   It affects your dexterity (+4).
 y - the cursed ring of Leaves (left hand) {MR++ Dex+2}
   (You bought it in a shop on level 3 of the Elven Halls)

   [ring of dexterity]

   It affects your dexterity (+2).
   It affects your resistance to hostile enchantments.
   It has a curse placed upon it.
 E - the cursed ring of Suspicion {Fire Int+4 SInv}
   (You acquired it on level 3 of the Shoals)

   [ring of fire]

   It enhances your fire magic.
   It affects your intelligence (+4).
   It protects you from fire.
   It makes you vulnerable to cold.
   It lets you see invisible.
   It has a curse placed upon it.
 P - the ring "Jaro" {rPois rC+ EV+2}
   (You found it in a wizard's laboratory)

   [ring of evasion]

   It affects your evasion (+2).
   It protects you from cold.
   It protects you from poison.
 R - the cursed ring "Tiuhuly" {rC+ MR++ Str-3}
   (You took it off a yaktaur on level 5 of the Vaults)

   [ring of strength]

   It affects your strength (-3).
   It protects you from cold.
   It affects your resistance to hostile enchantments.
   It has a curse placed upon it.
 S - the cursed brooch of Shielding (around neck) {Reflect SH+8}
   (You bought it in a shop on level 7 of the Dungeon)

   [amulet of reflection]

   It shields you and reflects attacks.
   It affects your SH (+8).
   It has a curse placed upon it.
 Y - the ring of Due Proportion {rN+ Int+4 Slay-5 SInv}
   (You found it in an ice cave)

   [ring of see invisible]

   It affects your intelligence (+4).
   It affects your accuracy and damage with ranged weapons and melee attacks
   (-5).
   It protects you from negative energy.
   It lets you see invisible.
 Z - a ring of resist corrosion (right hand)
Wands
 e - a wand of clouds (6)
 l - a wand of digging (34)
 p - a wand of iceblast (66)
 C - a wand of acid (36)
 I - a wand of disintegration (54)
 J - a wand of polymorph (4)
 Q - a wand of paralysis (89)
Scrolls
 f - 7 scrolls of fog
 k - 23 scrolls of identify
 r - 8 scrolls of magic mapping
 s - 15 scrolls of teleportation
 t - 11 scrolls of amnesia
 w - 11 scrolls of blinking
 N - 4 scrolls of fear
 O - 2 scrolls of enchant weapon
 T - 6 scrolls of remove curse
 W - 12 scrolls of enchant armour
Potions
 h - 12 potions of haste
 j - 2 potions of magic
 m - 30 potions of curing
 o - 6 potions of brilliance
 z - 9 potions of might
 F - 5 potions of agility
 G - 7 potions of resistance
 H - 5 potions of berserk rage
 L - 5 potions of ambrosia
 M - 9 potions of cancellation
 U - 9 potions of heal wounds
Books
 b - a book of Annihilations

   Spells                             Type                      Level
   a - Poison Arrow                   Conjuration/Poison           6
   b - Chain Lightning                Conjuration/Air              8
   c - Lehudib's Crystal Spear        Conjuration/Earth            8
   d - Glaciate                       Conjuration/Ice              9
   e - Fire Storm                     Conjuration/Fire             9
 B - a book of the Warp

   Spells                             Type                      Level
   a - Gell's Gravitas                Translocation                3
   b - Portal Projectile              Hexes/Translocation          3
   c - Force Lance                    Conjuration/Translocation    4
   d - Dispersal                      Translocation                6
   e - Controlled Blink               Translocation                8
   f - Disjunction                    Translocation                8
Miscellaneous
 K - a phial of floods
 X - a crystal ball of energy
Comestibles
 d - 51 rations


   Skills:
 * Level 21.0 Fighting
   Level 3.4(5.3) Maces & Flails
 + Level 6.3(9.7) Staves
 + Level 16.7(20.5) Armour
 + Level 7.8(12.3) Dodging
 - Level 2.1 Stealth
 - Level 15.4(17.9) Shields
 * Level 21.6 Spellcasting
 * Level 16.5(19.0) Conjurations
 - Level 5.0(8.0) Hexes
 - Level 5.1(8.1) Summonings
 - Level 2.2(4.6) Necromancy
 - Level 6.0(9.1) Translocations
 - Level 0.7(2.2) Transmutations
 * Level 18.5(20.8) Fire Magic
 - Level 4.6(7.5) Air Magic
 - Level 26.2(27) Earth Magic
 + Level 13.1(17.2) Evocations


You had 6 spell levels left.
You knew the following spells:

 Your Spells              Type           Power        Failure   Level  Hunger
a - Sandblast             Erth           ######       0%          1    None
b - Passwall              Tmut/Erth      ########..   0%          2    None
c - Stone Arrow           Conj/Erth      ######       0%          3    None
d - Petrify               Tmut/Erth      ########     1%          4    None
e - Blink                 Tloc           N/A          1%          2    None
f - Mephitic Cloud        Conj/Pois/Air  ######..     1%          3    None
g - Lee's Rapid Deconstr  Erth           ########..   0%          5    None
h - Bolt of Magma         Conj/Fire/Erth ########..   0%          5    None
i - Regeneration          Chrm/Necr      #####.....   1%          3    None
j - Iron Shot             Conj/Erth      ########..   1%          6    None
k - Sticky Flame          Conj/Fire      #######.     0%          4    None
l - Shatter               Erth           ########..   5%          9    #######
m - Swiftness             Chrm/Air       #####...     1%          2    None
n - Summon Butterflies    Summ           ######..     1%          1    None
o - Call Canine Familiar  Summ           ######..     1%          3    None
p - Airstrike             Air            ######....   1%          4    None
q - Invisibility          Hex            ######..     11%         6    None


Dungeon Overview and Level Annotations

Branches:
Dungeon (15/15)            Temple (1/1) D:4            Lair (6/6) D:9
 Shoals (4/4) Lair:2       Spider (4/4) Lair:2        Slime (5/5) Lair:5
    Orc (2/2) D:10            Elf (3/3) Orc:2        Vaults (5/5) D:13
  Crypt (3/3) Vaults:2       Tomb (1/3) Crypt:3      Depths (5/5) D:15
   Hell (1/1)                 Zot (5/5) Depths:5
    Dis: Hell:1         Geh: Hell:1         Coc: Hell:1         Tar: Hell:1

Altars:
Ashenzari
Cheibriados
Dithmenos
Elyvilon
Fedhas
Gozag
Hepliaklqana
Kikubaaqudgha
Makhleb
Nemelex Xobeh
Okawaru
Qazlal
Ru
Sif Muna
Trog
Uskayaw
Vehumet
Wu Jian
Xom
Yredelemnul
Zin
The Shining One
Jiyva
Lugonu

Shops:
D:7 =   D:9 [   D:14 [(?}   Orc:1 [   Orc:2 ![}   Elf:3 ==!?   Shoals:1 [
Vaults:1 [   Vaults:3 [   Depths:2 }[

Portals:
Hell: Depths:1 Depths:2 Depths:3 Depths:4 Depths:5
Abyss: Depths:4
Pandemonium: Depths:3
Ziggurat: Depths:3

Annotations:
D:9 Gastronok
Shoals:4 Ilsuiw
Slime:4 exclusion: upstairs
Crypt:1 1 runed door
Crypt:2 exclusions: 2 iron imps and 2 more exclusions
Depths:1 exclusion: 2 downstairs
Depths:2 exclusion: downstairs
Hell Geryon


Innate Abilities, Weirdness & Mutations

You are resistant to torment.
Your stone body is resilient. (AC +20)
You are immune to poison.
Your large and strong wings let you fly indefinitely.
You resist negative energy. (rN+)
You are resistant to electric shocks. (rElec)
You can survive without breathing.
You are immune to petrification.
You are immune to rotting.
You are agile. (Dex +2)
Your flesh is cold resistant. (rC+)
Your body sometimes deteriorates upon taking damage.
You are covered in fur. (AC +1)
You evolve.


Message History

You cannot affect that.
Okay, then.
The Hell Sentinel completely misses you.
You block the Hell Sentinel's attack. You block the Hell Sentinel's attack.
The Hell Sentinel hits you but does no damage.
The Hell Sentinel gestures at you.
The iron shot reflects off an invisible shield around you!
The iron shot hits the Hell Sentinel.
There is a stone staircase leading down here.
There is a staircase leading out of the dungeon here.
Casting: Lee's Rapid Deconstruction
Confirm with . or Enter, or press ? or * to list all spells.
You feel a surge of power!
The dungeon rumbles!
A door shatters! x3
You kill the Hell Sentinel!
Ka-crash!
Something shouts, "Out, out, thou bootless unchin-snouted zombie-fodder!"
You have escaped!

................######.### #
#.............##.........###
##.#....≈§≈≈........≈≈≈≈...######
#..§..§≈§≈≈≈......≈≈≈≈≈≈.......#
##.....≈≈§§≈≈......≈≈≈≈≈≈......).
.......≈§§§≈≈......≈≈≈≈≈≈..####.#
.##.....≈≈§≈........≈≈≈≈..## #.#
.#.............##........## #..
.# #..######.##>@##.##.### ### .#
#..# #.#....#..#.# .# #..#
.....#......# .###..#
#.#......###.# ......#
##..#.##..##.# ####.##
##..........# ####.# .####.###.##
.....######..####.# *#.*
####..............# **


There were no monsters in sight!

Vanquished Creatures
  the Royal Jelly (Slime:5)
  3 ancient liches
  7 orbs of fire
  4 juggernauts
  Margery (Depths:2)
  5 Killer Klowns
  A caustic shrike (Depths:5)
  3 curse toes
  11 golden dragons
  Nikola (Elf:2)
  Jory (Crypt:2)
  A bone dragon (Crypt:2)
  Arachne (Spider:4)
  6 electric golems
  A Tzitzimitl (Depths:2)
  A Cloud Mage (WizLab)
  Rupert (Orc:1)
  26 Orb Guardians
  19 tentacled monstrosities
  A Hell Sentinel (D:1)
  5 liches
  A pandemonium lord (D:1)
  9 quicksilver dragons
  A deep elf blademaster (Elf:2)
  4 titans
  A kraken (Shoals:2)
  27 acid blobs
  10 ancient champions
  12 sphinxes
  7 death cobs
  16 storm dragons
  14 tengu reavers
  12 shadow dragons
  10 azure jellies
  6 revenants
  2 draconian monks
  2 draconian knights
  12 frost giants
  A ghost moth (shapeshifter) (Depths:4)
  16 vault wardens
  14 deep elf sorcerers
  14 fire giants
  An iron dragon (Depths:5)
  4 deep elf elementalists
  Louise (Shoals:4)
  5 draconian scorchers
  10 ghost moths
  Aizul (Elf:1)
  9 emperor scorpions
  6 draconian shifters
  4 ghouls
  2 orc warlords
  4 draconian stormcallers
  2 curse skulls (Crypt:1)
  4 spriggan defenders
  13 ironheart preservers
  3 draconian annihilators
  16 very ugly things
  2 reapers
  27 stone giants
  5 deep elf annihilators
  Nessos (Lair:5)
  4 entropy weavers
  10 deep elf demonologists
  13 vampire knights
  2 bennus (Tomb:1)
  A dire elephant (shapeshifter) (Vaults:5)
  5 black draconians
  6 red draconians
  7 green draconians
  10 white draconians
  3 yellow draconians
  4 purple draconians
  A spark wasp (shapeshifter) (Vaults:4)
  9 spark wasps
  5 merfolk javelineers
  An ettin (shapeshifter) (D:15)
  10 deep elf death magi
  5 blizzard demons
  4 mummy priests
  Snorg (Orc:1)
  6 eidola
  2 minotaurs (shapeshifter)
  19 ettins
  9 fire dragons
  A minotaur (Lab)
  13 ogre magi
  8 jiangshi
  10 merfolk impalers
  Erolcha (D:11)
  10 yaktaur captains
  A death ooze (Slime:5)
  7 deep elf high priests
  Fannar (Orc:1)
  6 rakshasas
  32 vault guards
  4 ghost crabs (WizLab)
  17 great orbs of eyes
  13 ice dragons
  A catoblepas (D:15)
  10 spriggan air magi
  Erica (D:9)
  An alligator snapping turtle (shapeshifter) (Depths:3)
  5 centaur warriors
  A merfolk avatar (Shoals:4)
  A satyr (shapeshifter) (Vaults:3)
  5 hydras
  An alligator snapping turtle (Shoals:4)
  4 death knights
  22 dancing weapons
  2 merfolk aquamancers (Shoals:4)
  An alligator (shapeshifter) (Depths:5)
  6 death scarabs (Tomb:1)
  8 deep troll shamans
  A queen ant (shapeshifter) (Vaults:5)
  51 two-headed ogres
  18 deep troll earth magi
  4 tengu warriors
  5 death yaks
  A vampire mage (Crypt:2)
  3 spriggan berserkers
  A sun demon (Hell)
  Urug (Orc:1)
  4 orc high priests
  3 soul eaters
  2 titan skeletons
  3 shock serpents (WizLab)
  23 deep elf knights
  An anaconda zombie (Crypt:2)
  11 shadow wraiths
  2 death drakes (WizLab)
  3 iron trolls
  A golden dragon zombie (Tomb:1)
  8 flayed ghosts
  24 deep trolls
  10 hell knights
  A fire crab (shapeshifter) (Vaults:1)
  2 unseen horrors
  24 skeletal warriors
  15 sea snakes
  3 shadow demons (Depths:2)
  7 glowing orange brains
  Pikel (D:9)
  15 ironbrand convokers
  35 deep elf magi
  2 shadow dragon zombies (Crypt:2)
  4 deep elf archers
  A swamp dragon (Vaults:4)
  4 wizards
  17 orc knights
  2 wolf spider zombies
  2 orange crystal statues (D:15)
  23 orb spiders
  7 phantasmal warriors
  15 harpies
  9 orc sorcerers
  A harpy (shapeshifter) (Depths:3)
  The ghost of SaintRoka the Sneak, a novice VSIE of Cheibriados (D:8)
  8 shining eyes
  10 necromancers
  36 wolf spiders
  9 manticores
  A salamander (shapeshifter) (D:15)
  6 fauns
  40 ugly things
  A guardian serpent (Lair:6)
  5 cyclopes
  11 black mambas
  31 moths of wrath
  An ice statue (IceCv)
  7 merfolk sirens
  Maurice (D:9)
  8 elephants
  A stone giant skeleton (Vaults:1)
  16 vault sentinels
  4 torpor snails
  A frost giant skeleton (Crypt:1)
  A black mamba (shapeshifter) (Elf:1)
  2 apocalypse crabs (WizLab)
  An orange demon (D:11)
  13 spiny frogs
  2 eyes of devastation
  A spiny frog (shapeshifter) (Vaults:1)
  3 water nymphs
  A torpor snail (shapeshifter) (Vaults:4)
  2 rime drakes
  2 gargoyles
  5 spectral swamp worms
  33 yaktaurs
  A rime drake (shapeshifter) (Elf:3)
  2 kobold demonologists (D:13)
  A komodo dragon (shapeshifter) (D:15)
  A redback zombie (Crypt:1)
  A hellion (Depths:3)
  5 komodo dragons
  2 efreet (D:13)
  An iron troll zombie (Crypt:1)
  15 freezing wraiths
  A white draconian skeleton (Crypt:2)
  2 yaktaurs (shapeshifter)
  A catoblepas zombie (Crypt:2)
  2 hellwings (D:1)
  8 ice devils
  An entropy weaver simulacrum (Vaults:1)
  5 anaconda simulacra (IceCv)
  14 demonic crawlers
  15 guardian mummies
  3 tengu conjurers
  A hydra zombie (Crypt:3)
  A pale draconian skeleton (Crypt:1)
  34 merfolk
  5 trolls
  A yaktaur skeleton (Vaults:2)
  A golden dragon simulacrum (IceCv)
  2 red devils
  2 merfolk (shapeshifter) (Depths:5)
  10 hornets
  5 polar bears
  38 jumping spiders
  A troll (shapeshifter) (Depths:5)
  A hornet (shapeshifter) (D:13)
  3 queen bees (shapeshifter)
  A wind drake (Shoals:3)
  109 slime creatures
  A slime creature (shapeshifter) (Depths:5)
  18 blink frogs
  An ice dragon zombie (Crypt:2)
  A minotaur skeleton (Crypt:2)
  An ettin zombie (Crypt:3)
  6 hippogriffs
  A bog body (Crypt:1)
  2 dream sheep (shapeshifter)
  An ettin skeleton (Crypt:3)
  12 snapping turtles
  A fire giant simulacrum (Crypt:3)
  A hippogriff (shapeshifter) (D:15)
  A frost giant simulacrum (Vaults:2)
  20 air elementals
  10 wyverns
  6 shadows (Depths:2)
  4 large abominations
  83 redbacks
  A spriggan (shapeshifter) (Vaults:3)
  A tarantella (shapeshifter) (Vaults:4)
  2 dire elephant simulacra (IceCv)
  3 ushabtiu
  5 spriggans
  16 water elementals
  26 tarantellas
  A basilisk (Lair:4)
  37 yaks
  A wyvern (shapeshifter) (Depths:5)
  3 fire elementals
  5 wraiths
  A neqoxec (D:3)
  A hungry ghost (Lab)
  A golden eye (shapeshifter) (D:15)
  2 basilisks (shapeshifter) (Vaults:3)
  A human simulacrum (Vaults:1)
  Grum (D:9)
  A death yak simulacrum (IceCv)
  4 golden eyes
  A yaktaur simulacrum (Vaults:2)
  A deep troll zombie (Crypt:2)
  An infernal demonspawn zombie (Crypt:1)
  7 wargs
  4 iron troll simulacra (IceCv)
  4 harpy simulacra (IceCv)
  7 swamp worms (Lair:6)
  A swamp worm (shapeshifter) (Vaults:4)
  A hydra simulacrum (IceCv)
  13 water moccasins
  A faun skeleton (Crypt:1)
  3 hell hounds (Depths:3)
  A water nymph skeleton (Crypt:3)
  3 floating eyes
  2 ice beasts
  6 porcupines
  A manticore zombie (Tomb:1)
  43 orc warriors
  2 human zombies (Vaults:1)
  4 phantoms
  2 sky beasts
  6 black bears
  2 ettin simulacra (IceCv)
  An elephant zombie (Crypt:1)
  29 ogres
  5 eyes of draining
  A fire dragon simulacrum (Crypt:2)
  6 wolves
  A black mamba simulacrum (Crypt:2)
  10 centaurs
  11 boggarts
  2 necrophages
  10 crocodiles
  3 human skeletons
  A torpor snail zombie (Crypt:3)
  3 big kobolds
  An octopode zombie (Crypt:2)
  3 elf zombies (Elf:1)
  15 bullfrogs
  A wyvern skeleton (D:10)
  A scorpion (shapeshifter) (Vaults:4)
  A shapeshifter zombie (Crypt:3)
  6 killer bees
  An elf simulacrum (Vaults:3)
  15 wights
  2 vampire bats (Lair:3)
  4 electric eels
  3 howler monkeys
  4 crimson imps
  2 draconian simulacra (IceCv)
  A demonspawn zombie (Crypt:3)
  A quasit (D:14)
  22 orc priests
  2 bullfrog zombies
  6 hounds
  2 jellies
  19 orc wizards
  3 bullfrog skeletons
  5 centaur skeletons
  5 iguanas
  A basilisk skeleton (Crypt:3)
  2 spriggan simulacra (IceCv)
  13 worker ants
  A polar bear simulacrum (IceCv)
  2 troll simulacra (IceCv)
  3 centaur simulacra (IceCv)
  An ogre skeleton (Crypt:3)
  A deep dwarf skeleton (Crypt:3)
  A hound zombie (D:6)
  A hound skeleton (Crypt:1)
  13 mummies
  A worker ant zombie (D:5)
  10 gnolls
  11 adders
  6 naga simulacra (IceCv)
  5 shadow imps
  4 white imps (IceCv)
  8 ufetubi
  An ooze (D:4)
  An adder skeleton (D:4)
  13 worms
  2 dart slugs (D:1)
  4 leopard geckos
  90 orcs
  A ball python (D:1)
  15 bats
  A bat zombie (Crypt:1)
  10 giant cockroaches
  8 goblins
  11 hobgoblins
  8 jackals
  20 kobolds
  9 quokkas
  5 frilled lizards
  A frilled lizard zombie (Crypt:2)
  A jackal skeleton (D:4)
  A jackal zombie (D:5)
  A kobold zombie (Crypt:3)
  A leopard gecko skeleton (D:4)
  A quokka skeleton (D:5)
  10 rats
  2 crawling corpses
  14 plants
  2 tentacles (Shoals:2)
2595 creatures vanquished.

Vanquished Creatures (others)
  A deep elf master archer (Elf:3)
  10 stone giants
  3 merfolk javelineers
  7 yaktaur captains
  A centaur warrior (Vaults:1)
  A tengu warrior (Depths:3)
  3 deep elf archers
  4 cyclopes
  A salamander (Depths:3)
  A faun (Shoals:1)
  A moth of wrath (Zot:5)
  16 yaktaurs
  2 merfolk
  A tarantella (Spider:1)
  A yak (D:13)
  4 slaves (D:9)
  An ogre (Vaults:5)
  6 centaurs
  A hound (D:9)
  An iguana (D:9)
  An orc wizard (Orc:2)
  A hound zombie (D:9)
  A quokka (D:9)
  25 fungi
  38 plants
  31 tentacles
163 creatures vanquished.

Grand Total: 2758 creatures vanquished

Notes
Turn   | Place    | Note
-------+----------+-------------------------------------------
     0 | D:1      | garbagetei the Gargoyle Earth Elementalist began the quest for the Orb.
     0 | D:1      | Reached XP level 1. HP: 10/10 MP: 3/3
   374 | D:1      | Reached XP level 2. HP: 15/16 MP: 5/5
   378 | D:1      | Reached skill level 4 in Earth Magic
   880 | D:1      | Reached skill level 1 in Fighting
   891 | D:1      | Reached XP level 3. HP: 18/20 MP: 2/6
  1659 | D:2      | Learned a level 2 spell: Passwall
  1667 | D:2      | Reached XP level 4. HP: 25/25 MP: 8/8
  1715 | D:1      | Learned a level 3 spell: Stone Arrow
  2636 | D:3      | Reached skill level 5 in Earth Magic
  2636 | D:3      | Reached XP level 5. HP: 25/30 MP: 2/9
  2890 | D:3      | Learned a level 4 spell: Petrify
  3783 | D:4      | Found a staircase to the Ecumenical Temple.
  3794 | Temple   | Entered the Ecumenical Temple
  3898 | Temple   | Became a worshipper of Ashenzari the Shackled
  3960 | Temple   | Reached XP level 6. HP: 21/36 MP: 1/11
  4056 | D:4      | Learned a level 2 spell: Blink
  4279 | D:4      | Reached skill level 6 in Earth Magic
  4570 | D:4      | Noticed an orc warrior
  4626 | D:4      | Killed an orc warrior
  4626 | D:4      | Reached XP level 7. HP: 22/41 MP: 5/13
  5360 | D:4      | Reached skill level 7 in Earth Magic
  5624 | D:4      | Reached skill level 5 in Spellcasting
  5641 | D:4      | Learned a level 3 spell: Mephitic Cloud
  5997 | D:5      | Entered Level 5 of the Dungeon
  6092 | D:5      | Got the cursed helmet of Jedeo {rF+ rC+ Str+4 Dex+2}
  6098 | D:5      | Identified the cursed +0 helmet of Jedeo {rF+ rC+ Str+4 Dex+2} (You found it on level 5 of the Dungeon)
  6192 | D:5      | Got the cursed mace "Dragon's Tongue" {flame, +Rage rC+ Int+3}
  6194 | D:5      | Identified the cursed +3 mace "Dragon's Tongue" {flame, +Rage rC+ Int+3} (You found it on level 5 of the Dungeon)
  6611 | D:5      | Reached skill level 1 in Maces & Flails
  6611 | D:5      | Reached skill level 1 in Conjurations
  6709 | D:5      | Found a bloodstained altar of Trog.
  6743 | D:5      | Reached * piety under Ashenzari
  6916 | D:5      | Reached XP level 8. HP: 39/48 MP: 15/15
  7185 | D:6      | Noticed a troll
  7208 | D:6      | Killed a troll
  7623 | D:6      | Reached skill level 8 in Earth Magic
  7679 | D:6      | Found a snail-covered altar of Cheibriados.
  7962 | D:6      | Found a shimmering altar of Xom.
  8480 | D:7      | Reached XP level 9. HP: 38/52 MP: 18/18
  8600 | D:7      | Reached ** piety under Ashenzari
  8801 | D:7      | Found Ymeokum's Jewellery Shoppe.
  9205 | D:7      | Reached skill level 5 in Fighting
  9436 | D:7      | Reached skill level 9 in Earth Magic
  9857 | D:8      | Reached skill level 5 in Conjurations
  9883 | D:8      | Found a sacrificial altar of Ru.
 10230 | D:8      | Noticed a two-headed ogre
 10270 | D:8      | Noticed a two-headed ogre
 10272 | D:8      | Found a hide-covered altar of Uskayaw.
 10277 | D:8      | Killed a two-headed ogre
 10277 | D:8      | Reached XP level 10. HP: 60/60 MP: 3/21
 10378 | D:8      | Reached skill level 10 in Earth Magic
 10650 | D:8      | Noticed SaintRoka's ghost (novice VSIE)
 10744 | D:8      | Found a shadowy altar of Dithmenos.
 11026 | D:8      | Killed SaintRoka's ghost
 11154 | D:8      | Killed a two-headed ogre
 11261 | D:8      | Learned a level 5 spell: Lee's Rapid Deconstruction
 11378 | D:9      | Noticed Grum
 11693 | D:9      | Noticed Maurice
 12172 | D:9      | Killed Maurice
 12194 | D:9      | Noticed Gastronok
 12369 | D:10     | Entered Level 10 of the Dungeon
 12369 | D:10     | Noticed a two-headed ogre
 12380 | D:9      | Killed a two-headed ogre
 12380 | D:9      | Reached skill level 11 in Earth Magic
 12380 | D:9      | Reached XP level 11. HP: 66/66 MP: 2/23
 12725 | D:9      | Killed Grum
 12732 | D:9      | Noticed Pikel
 12945 | D:9      | Killed Pikel
 13101 | D:9      | Found Ogicoka's Armour Emporium.
 13105 | D:9      | Noticed Erica
 13174 | D:9      | Reached *** piety under Ashenzari
 13321 | D:9      | Killed Erica
 13478 | D:9      | Bought a +0 buckler for 63 gold pieces
 13928 | D:9      | Found a staircase to the Lair.
 14006 | Lair:1   | Entered Level 1 of the Lair of Beasts
 14160 | Lair:1   | Reached skill level 1 in Shields
 14628 | Lair:1   | Noticed a four-headed hydra
 14671 | Lair:1   | Killed a four-headed hydra
 14814 | Lair:1   | Reached skill level 12 in Earth Magic
 15279 | Lair:2   | Found a labyrinth entrance.
 15291 | Lab      | Entered a labyrinth
 15382 | Lab      | Reached **** piety under Ashenzari
 15470 | Lab      | Noticed a minotaur
 15475 | Lab      | Killed a minotaur
 15478 | Lab      | Got the cursed ring mail "Nesoyll" {rF- rC++ Str-2 Stlth+}
 15484 | Lab      | Identified the +9 hand axe "Mekh" {flame, -Tele +Fly rN+}
 15484 | Lab      | Found the +3 crown of Dyrovepreva {rElec Int+2 SInv}
 15628 | Lair:2   | Reached XP level 12. HP: 56/73 MP: 15/25
 15738 | Lair:2   | Noticed an eight-headed hydra
 16133 | Lair:2   | Identified the Grimoire of Scorching Black Secrets
 16140 | Lair:2   | Learned a level 5 spell: Bolt of Magma
 16231 | Lair:2   | Found a staircase to the Shoals.
 16525 | Lair:2   | Killed an eight-headed hydra
 16557 | Lair:2   | Found a hole to the Spider Nest.
 16584 | Lair:2   | Reached skill level 1 in Fire Magic
 17253 | Lair:3   | Reached skill level 10 in Conjurations
 17461 | Lair:3   | Reached skill level 5 in Shields
 18720 | D:10     | Noticed a two-headed ogre
 18738 | D:9      | Reached skill level 10 in Spellcasting
 18911 | D:9      | Reached ***** piety under Ashenzari
 19221 | D:10     | Found a staircase to the Orcish Mines.
 19245 | D:10     | Reached skill level 1 in Evocations
 19830 | D:10     | Killed a two-headed ogre
 19830 | D:10     | Reached skill level 13 in Earth Magic
 20385 | D:11     | Noticed a two-headed ogre
 20390 | D:11     | Noticed Erolcha
 20414 | D:10     | Killed a two-headed ogre
 20876 | Orc:1    | Entered Level 1 of the Orcish Mines
 20986 | Orc:1    | Noticed an orc warlord
 21045 | Orc:1    | Noticed Snorg
 21056 | Orc:1    | Killed Snorg
 21056 | Orc:1    | Reached XP level 13. HP: 79/79 MP: 6/27
 21217 | Orc:1    | Noticed Fannar
 21287 | Orc:1    | Killed Fannar
 21287 | Orc:1    | Reached skill level 1 in Armour
 21406 | D:10     | Killed an orc warlord
 21863 | Orc:1    | Noticed Urug
 21868 | Orc:1    | Killed Urug
 22135 | Orc:1    | Found Kudd's Armour Boutique.
 22220 | Orc:2    | Entered Level 2 of the Orcish Mines
 22258 | Orc:2    | Noticed Rupert
 22716 | Orc:2    | Found a staircase to the Elven Halls.
 22726 | Orc:2    | Noticed an ettin
 22731 | Orc:2    | Killed an ettin
 23571 | Orc:2    | Found a gateway to a bazaar.
 24364 | Bazaar   | Entered a bazaar
 24367 | Bazaar   | Found Rinid's Book Shop.
 24386 | Bazaar   | Found Eveocw's Jewellery Boutique.
 24386 | Bazaar   | Found Aheuve's Food Shop.
 24418 | Bazaar   | Found Abiserch's Book Shop.
 24500 | Bazaar   | Bought a book of the Earth for 585 gold pieces
 24792 | Orc:2    | Reached skill level 14 in Earth Magic
 25006 | Orc:2    | Found Canloos's Distillery.
 25006 | Orc:2    | Found Wonidyeh's Gadget Shoppe.
 25008 | Orc:2    | Found Wunuap's Antique Armour Shop.
 25008 | Orc:2    | Found Wuejar's Food Shoppe.
 25024 | Orc:2    | Bought a potion of degeneration for 16 gold pieces
 25168 | Elf:1    | Entered Level 1 of the Elven Halls
 25697 | Elf:1    | Reached skill level 5 in Armour
 25697 | Elf:1    | Gained mutation: Your large and strong wings let you fly indefinitely. [Gargoyle growth]
 25697 | Elf:1    | Reached XP level 14. HP: 82/86 MP: 18/29
 25882 | Elf:1    | Noticed a deep elf sorcerer
 26121 | Elf:2    | Found a frozen archway.
 26182 | IceCv    | Entered an ice cave
 27715 | IceCv    | Reached ****** piety under Ashenzari
 27902 | IceCv    | Identified the ring of Due Proportion {rN+ Int+4 Slay-5 SInv}
 28111 | IceCv    | Reached skill level 5 in Fire Magic
 28306 | IceCv    | Identified the cursed +0 pair of boots "Sapan" {Dex+3}
 28893 | Elf:2    | Noticed Nikola
 29749 | Elf:1    | Killed a deep elf sorcerer
 29885 | Elf:1    | Reached skill level 15 in Earth Magic
 30016 | Elf:1    | Reached skill level 10 in Fighting
 30391 | Elf:1    | Identified the Grimoire of Infinity
 30397 | Elf:1    | Learned a level 3 spell: Regeneration
 30679 | D:7      | Bought the brooch of Shielding {Reflect SH+8} for 1381 gold pieces
 30679 | D:7      | Found the brooch of Shielding {Reflect SH+8}
 30829 | Lair:4   | Reached XP level 15. HP: 88/92 MP: 30/31
 30842 | Lair:4   | Identified the +6 flail of the Harvest {crush, MR+}
 31305 | Lair:4   | Reached skill level 5 in Evocations
 32808 | Lair:5   | Noticed Nessos
 32864 | Lair:5   | Killed Nessos
 33344 | Lair:5   | Found a viscous altar of Jiyva.
 33344 | Lair:5   | Found a staircase to the Slime Pits.
 33534 | Lair:6   | Entered Level 6 of the Lair of Beasts
 35195 | Lair:6   | Identified the cursed +1 quarterstaff of Zusufrox {freeze, rF+++}
 36439 | D:7      | Bought an uncursed ring of protection from magic for 325 gold pieces
 36575 | Shoals:1 | Entered Level 1 of the Shoals
 36738 | Shoals:2 | Noticed a kraken
 36847 | Shoals:1 | Reached skill level 16 in Earth Magic
 36929 | Shoals:1 | Found Heosoem's Antique Armour Shoppe.
 36976 | Shoals:1 | Reached XP level 16. HP: 93/99 MP: 16/32
 37316 | Shoals:1 | Learned a level 6 spell: Iron Shot
 38836 | Shoals:3 | Noticed a kraken
 39975 | Shoals:4 | Entered Level 4 of the Shoals
 39978 | Shoals:4 | Identified 2 scrolls of acquirement
 40200 | Shoals:3 | Reached skill level 10 in Armour
 40841 | Shoals:4 | Noticed Ilsuiw
 41519 | Shoals:3 | Identified the cursed ring of Suspicion {Fire Int+4 SInv} (You acquired it on level 3 of the Shoals)
 41938 | Shoals:4 | Noticed Louise
 41948 | Shoals:4 | Killed Louise
 42889 | Shoals:4 | Got a barnacled rune of Zot
 43223 | Shoals:4 | Reached skill level 10 in Shields
 43380 | Shoals:4 | Reached XP level 17. HP: 104/104 MP: 5/34
 44988 | Orc:2    | Bought a scorched leather armour for 196 gold pieces
 44999 | Orc:2    | Bought a potion of heal wounds for 80 gold pieces
 45181 | Spider:1 | Entered Level 1 of the Spider Nest
 45205 | Lair:2   | Reached skill level 17 in Earth Magic
 47415 | Lair:2   | Learned a level 4 spell: Sticky Flame
 48484 | Spider:2 | Identified the cursed +1 hunting sling "Kiucucip" {freeze, rC- rN+++ Int-5 Dex+10}
 50772 | Spider:2 | Reached XP level 18. HP: 100/112 MP: 36/36
 52365 | Spider:4 | Entered Level 4 of the Spider Nest
 53474 | Spider:4 | Noticed Arachne
 53485 | Spider:4 | Killed Arachne
 54414 | Spider:4 | Reached skill level 18 in Earth Magic
 55720 | Spider:4 | Got a gossamer rune of Zot
 56154 | Slime:1  | Entered Level 1 of the Pits of Slime
 56749 | Orc:1    | Killed Rupert
 57302 | Elf:2    | Found a runed gate.
 57302 | Elf:2    | Found a runed gate.
 57306 | Elf:2    | Found a runed gate.
 57383 | Elf:2    | Killed Nikola
 57383 | Elf:2    | Reached XP level 19. HP: 117/117 MP: 13/37
 57749 | Elf:2    | Noticed Aizul
 57774 | Elf:1    | Killed Aizul
 58909 | Elf:2    | Identified the +2 leather armour "Kofuk" {rN+ MR- Stlth+} (You bought it in a shop on level 2 of the Orcish Mines)
 58909 | Elf:2    | Identified the +2 robe of the Dungeon {rPois} (You found it on level 1 of the Elven Halls)
 58909 | Elf:2    | Identified the cursed +1 ring mail "Nesoyll" {rF- rC++ Str-2 Stlth+} (You took it off a minotaur in a labyrinth)
 58933 | Elf:3    | Entered Level 3 of the Elven Halls
 58963 | Elf:3    | Found Gubip's Magic Scroll Shop.
 58977 | Elf:3    | Bought a scroll of identify for 32 gold pieces
 58977 | Elf:3    | Bought a scroll of remove curse for 48 gold pieces
 59216 | Elf:3    | Found Nudgh's Distillery.
 59296 | Elf:3    | Found Vouvud's Jewellery Shoppe.
 59320 | Elf:3    | Bought the ring of Leaves {MR++ Dex+2} for 389 gold pieces
 59432 | Elf:3    | Found Naoheso's Jewellery Emporium.
 59472 | Elf:3    | Learned a level 9 spell: Shatter
 60856 | D:13     | Found a gate to the Vaults.
 61989 | D:14     | Found Yneryr's Food Boutique.
 62008 | D:14     | Found Jacuazew's Antique Weapon Emporium.
 62018 | D:14     | Found Kumerghu's Armour Emporium.
 62419 | D:14     | Found Mitanofa's Gadget Shoppe.
 62435 | D:14     | Found Nyisaree's Magic Scroll Shoppe.
 62441 | D:14     | Bought a scroll of remove curse for 33 gold pieces
 62441 | D:14     | Bought a scroll of blinking for 82 gold pieces
 62699 | D:15     | Entered Level 15 of the Dungeon
 62812 | D:15     | Reached skill level 15 in Spellcasting
 63004 | D:15     | Identified the +7 scale mail of Goalaagon {rCorr}
 64274 | D:15     | Found a staircase to the Depths.
 64385 | Depths:1 | Entered Level 1 of the Depths
 64397 | Depths:1 | Found a gateway to Hell.
 64650 | Depths:1 | Reached skill level 19 in Earth Magic
 65988 | Depths:1 | Found an iron altar of Okawaru.
 65996 | Depths:1 | Reached XP level 20. HP: 95/124 MP: 24/39
 66557 | Depths:1 | Reached skill level 10 in Fire Magic
 67056 | Depths:1 | Identified the +1 ring mail of Xaukiu {Int+2}
 67298 | Depths:2 | Found the cursed +2 hat of the Bear Spirit {Spirit, +Rage rN+ MR++}
 67804 | Depths:2 | Noticed Margery
 68706 | Depths:2 | Killed Margery
 70900 | Depths:2 | Identified the ring "Miqy" {rPois MR+ Stlth+} (You took it off a boggart on level 2 of the Depths)
 70973 | Depths:2 | Noticed a Tzitzimitl
 70974 | Depths:2 | Found the +2 cloak of the Thief {+Fog Slay-2 SInv Stlth+}
 70977 | Depths:2 | Killed a Tzitzimitl
 71119 | Depths:2 | Found a shadowy altar of Dithmenos.
 71924 | Depths:2 | Found Ereunk's Gadget Emporium.
 71932 | Depths:2 | Found Wiyteory's Armour Shoppe.
 72570 | D:15     | Reached XP level 21. HP: 130/130 MP: 16/40
 73301 | D:11     | Killed Erolcha
 74367 | Elf:3    | Reached skill level 20 in Earth Magic
 75346 | Elf:3    | Identified the cursed +1 plate armour "Kadaust" {rC++ Str-2 Int+5}
 75346 | Elf:3    | Reached skill level 15 in Shields
 75430 | Elf:3    | Reached skill level 10 in Evocations
 75925 | Elf:3    | Identified the ring "Wuulux" {Wiz Dex+4} (You took it off a deep elf high priest on level 3 of the Elven Halls)
 75967 | Elf:3    | Identified the +1 leather armour of Elitism {rN+ Slay+2} (You took it off a deep elf death mage on level 3 of the Elven Halls)
 76460 | Elf:3    | Identified the +5 longbow of the Salmon {flame, rN+ MP-9 Str+4 Dex+2}
 76768 | Vaults:1 | Entered Level 1 of the Vaults
 78438 | Vaults:1 | Found Poak's Antique Armour Boutique.
 78463 | Vaults:1 | Found a sparkling altar of Nemelex Xobeh.
 79774 | Vaults:1 | Reached skill level 21 in Earth Magic
 79774 | Vaults:1 | Reached XP level 22. HP: 138/138 MP: 18/42
 81538 | Vaults:2 | Found a staircase to the Crypt.
 84897 | Vaults:4 | Reached skill level 15 in Fighting
 85771 | Vaults:3 | Found Loofuirosy's Antique Armour Emporium.
 85781 | Vaults:3 | Bought a brightly glowing leather armour for 301 gold pieces
 85781 | Vaults:3 | Identified the cursed +1 leather armour of the Zebra {rC+ MR+ Int-2 SInv} (You bought it in a shop on level 3 of the Vaults)
 85788 | Vaults:3 | Identified the +10 arbalest "Goblinslayer" {flame, MR++}
 86195 | Vaults:3 | Reached skill level 22 in Earth Magic
 88436 | Vaults:4 | Reached XP level 23. HP: 145/145 MP: 33/44
 88984 | Vaults:4 | Noticed a golden dragon
 89271 | Vaults:4 | Killed a golden dragon
 91161 | Crypt:1  | Entered Level 1 of the Crypt
 91261 | Crypt:1  | Found a magical portal.
 91306 | WizLab   | Entered The Chambers of the Cloud Mage
 91367 | WizLab   | Reached skill level 23 in Earth Magic
 92495 | WizLab   | Identified the ring "Jaro" {rPois rC+ EV+2}
 92535 | WizLab   | Identified the Volume of Flight
 92570 | WizLab   | Learned a level 2 spell: Swiftness
 94515 | Crypt:1  | Found a runed door.
 94552 | Crypt:1  | Noticed an ancient lich
 94935 | Crypt:2  | Noticed Jory
 95185 | Crypt:2  | Reached XP level 24. HP: 153/153 MP: 15/44
 95532 | Crypt:2  | Killed Jory
 97138 | Crypt:2  | Found a corrupted altar of Lugonu.
 97217 | Crypt:3  | Entered Level 3 of the Crypt
 97741 | Crypt:3  | Identified the +5 chain mail of Egalitarianism {Slay+3}
 98114 | Crypt:3  | Identified the cursed +0 helmet "Nitusobu" {MP+9 Slay-4 SInv}
 98144 | Crypt:3  | Reached skill level 24 in Earth Magic
 99615 | Crypt:3  | Found a staircase to the Tomb.
 99641 | Tomb:1   | Entered Level 1 of the Tomb of the Ancients
 99927 | Crypt:3  | Noticed a curse toe
 99932 | Crypt:3  | Killed a curse toe
100088 | Crypt:3  | Found an ancient bone altar of Kikubaaqudgha.
100091 | Crypt:3  | Found a basalt altar of Yredelemnul.
101996 | Hell     | Entered the Vestibule of Hell
101998 | Hell     | Noticed Geryon
103307 | Depths:2 | Reached XP level 25. HP: 155/160 MP: 28/45
103759 | Depths:3 | Noticed a juggernaut
103809 | Depths:3 | Killed a juggernaut
104450 | Depths:3 | Noticed a juggernaut
104470 | Depths:3 | Killed a juggernaut
104646 | Depths:3 | Found a gateway to a ziggurat.
104657 | Depths:3 | Found a one-way gate leading to the halls of Pandemonium.
104979 | Depths:3 | Identified the ring "Qyuthe" {+Fly rF+} (You took it off a tengu conjurer on level 3 of the Depths)
105094 | Depths:3 | Reached skill level 25 in Earth Magic
105154 | Depths:3 | Noticed a juggernaut
105443 | Depths:4 | Found a one-way gate to the infinite horrors of the Abyss.
105820 | Depths:4 | Reached skill level 15 in Fire Magic
105905 | Depths:5 | Entered Level 5 of the Depths
107265 | Depths:3 | Killed a juggernaut
108723 | Depths:4 | Reached XP level 26. HP: 165/168 MP: 16/46
108826 | Depths:4 | Identified the Almanac of Assistive Companions
109750 | Depths:5 | Found a glowing golden altar of the Shining One.
109754 | Depths:5 | Found a radiant altar of Vehumet.
109755 | Depths:5 | Found a hide-covered altar of Uskayaw.
110396 | Depths:5 | Found a gate to the Realm of Zot.
111465 | Depths:5 | Noticed a juggernaut
111481 | Depths:5 | Reached skill level 1 in Necromancy
111591 | Depths:5 | Killed a juggernaut
113332 | Depths:5 | Reached skill level 26 in Earth Magic
114010 | Vaults:1 | Bought a bloodstained ring mail for 261 gold pieces
114010 | Vaults:1 | Identified the cursed +0 ring mail "Damnable Contraption" {+Inv rElec} (You bought it in a shop on level 1 of the Vaults)
115066 | Crypt:3  | Learned a level 1 spell: Summon Butterflies
115070 | Crypt:3  | Learned a level 3 spell: Call Canine Familiar
115638 | Crypt:3  | Learned a level 4 spell: Airstrike
116468 | Vaults:2 | Reached skill level 1 in Summonings
117002 | Slime:1  | Reached skill level 1 in Air Magic
117522 | Slime:2  | Paralysed by a floating eye for 4 turns
117727 | Slime:1  | Reached XP level 27. HP: 174/174 MP: 7/46
118039 | Slime:1  | Gained mutation: Your body sometimes deteriorates upon taking damage. [a shining eye]
119199 | Slime:3  | Gained mutation: Armour fits poorly on your strangely shaped body. [a shining eye]
119200 | Slime:3  | Gained mutation: Your spells are a little easier to cast, but a little less powerful. [a shining eye]
120539 | Slime:3  | Reached skill level 5 in Summonings
121600 | Slime:5  | Entered Level 5 of the Pits of Slime
122144 | Slime:5  | Gained mutation: You expend magic power (3 MP) to strengthen your wands. [a shining eye]
122146 | Slime:5  | Gained mutation: Your magical capacity is low. (-10% MP) [a shining eye]
122937 | Slime:5  | Reached skill level 15 in Armour
123050 | Slime:5  | Noticed the Royal Jelly
123460 | Slime:5  | Found a viscous altar of Jiyva.
123462 | Slime:5  | Identified the +7 great mace of Cocytus {antimagic, MR+}
123462 | Slime:5  | Identified a +0 pair of boots of running
123465 | Slime:5  | Identified the +2 scale mail "Xysoorph" {+Fly rElec rPois}
123469 | Slime:5  | Identified the +7 mace "Raeteck" {flame, Int+4 Stlth+}
123595 | Slime:5  | Killed the Royal Jelly
124329 | Slime:5  | Learned a level 6 spell: Invisibility
124344 | Slime:5  | Got a slimy rune of Zot
124749 | D:14     | Bought a ration for 50 gold pieces
124749 | D:14     | Bought a ration for 50 gold pieces
124749 | D:14     | Bought a ration for 50 gold pieces
124749 | D:14     | Bought a ration for 50 gold pieces
124749 | D:14     | Bought a ration for 50 gold pieces
124749 | D:14     | Bought a ration for 50 gold pieces
124907 | Orc:2    | Identified the +2 leather armour "Kofuk" {rN+ MR- Stlth+} (You bought it in a shop on level 2 of the Orcish Mines)
124915 | Orc:2    | Bought a ration for 70 gold pieces
124915 | Orc:2    | Bought a ration for 70 gold pieces
124915 | Orc:2    | Bought a ration for 70 gold pieces
124915 | Orc:2    | Bought a ration for 70 gold pieces
124915 | Orc:2    | Bought a ration for 70 gold pieces
124915 | Orc:2    | Bought a ration for 70 gold pieces
124915 | Orc:2    | Bought a ration for 70 gold pieces
124915 | Orc:2    | Bought a ration for 70 gold pieces
124915 | Orc:2    | Bought a ration for 70 gold pieces
124927 | Orc:2    | Bought a wand of acid (9) for 442 gold pieces
124996 | Orc:2    | Bought a potion of mutation for 128 gold pieces
124996 | Orc:2    | Bought a potion of brilliance for 64 gold pieces
125080 | Elf:3    | Bought a potion of haste for 130 gold pieces
125080 | Elf:3    | Bought a potion of haste for 130 gold pieces
125080 | Elf:3    | Bought a potion of mutation for 104 gold pieces
125634 | Vaults:5 | Entered Level 5 of the Vaults
125637 | Vaults:5 | Reached skill level 1 in Translocations
125637 | Vaults:5 | Reached skill level 1 in Hexes
127593 | Vaults:5 | Reached skill level 5 in Dodging
127796 | Vaults:5 | Identified the cursed ring "Tiuhuly" {rC+ MR++ Str-3} (You took it off a yaktaur on level 5 of the Vaults)
127796 | Vaults:5 | Identified the cursed +2 quarterstaff of the Throat {speed, rElec} (You took it off a yaktaur on level 5 of the Vaults)
128236 | Vaults:5 | Identified the ring of the Sky {rCorr *Drain rF+++ Str+2 Dex-4}
128651 | Vaults:5 | Got a silver rune of Zot
128917 | Vaults:5 | Identified the +0 swamp dragon scales of the Black Skies {rPois Int+2}
129064 | Vaults:5 | Identified the amulet of the Republic {Harm *Drain Int+2}
129097 | Vaults:5 | Identified the +0 leather armour of Instinct {rElec rCorr MP+9 Int-2}
129231 | Vaults:5 | Identified the cursed +1 flail of Zugec {protect, rElec Int+5 Dex-2 Stlth+} (You took it off a deep elf high priest on level 5 of the Vaults)
129463 | Vaults:5 | Identified the Almanac of Excruciating Orientation
130347 | Zot:1    | Entered Level 1 of the Realm of Zot
130604 | Zot:1    | Reached skill level 5 in Translocations
131235 | Zot:1    | Identified the +3 hand crossbow of Skirmishing {venom, SInv}
132056 | Zot:2    | Identified the +8 mace of Iconoclasm {freeze, Int+2 Dex+3}
132344 | Zot:2    | Reached skill level 1 in Staves
135193 | Zot:4    | Noticed an orb of fire
135199 | Zot:4    | Gained mutation: You are dopey. (Int -2) [an orb of fire]
135200 | Zot:4    | Killed an orb of fire
135363 | Zot:4    | Reached skill level 5 in Hexes
135710 | Zot:5    | Entered Level 5 of the Realm of Zot
136143 | Zot:4    | Reached skill level 15 in Conjurations
137756 | Zot:5    | Noticed an orb of fire
137761 | Zot:5    | Noticed an ancient lich
137765 | Zot:5    | Killed an orb of fire
138056 | Zot:4    | Killed an ancient lich
138281 | Zot:5    | Noticed an orb of fire
138290 | Zot:5    | Killed an orb of fire
138379 | Zot:5    | Reached skill level 5 in Staves
138423 | Zot:5    | Noticed an orb of fire
138545 | Zot:5    | Noticed an ancient lich
138552 | Zot:5    | Killed an ancient lich
138653 | Zot:5    | Killed an orb of fire
139083 | Zot:5    | Noticed an orb of fire
139110 | Zot:5    | Gained mutation: Scrolls take you a little longer to read. [an orb of fire]
139113 | Zot:5    | Killed an orb of fire
139160 | Zot:5    | Noticed an ancient lich
139167 | Zot:5    | Killed an ancient lich
139336 | Zot:5    | Noticed an orb of fire
139350 | Zot:5    | Killed an orb of fire
139652 | Zot:5    | Noticed an orb of fire
139663 | Zot:5    | Gained mutation: You are occasionally teleported next to monsters. [an orb of fire]
139664 | Zot:5    | Killed an orb of fire
139952 | Zot:5    | Lost mutation: Your spells are a little easier to cast, but a little less powerful. [potion of mutation]
139952 | Zot:5    | Lost mutation: Scrolls take you a little longer to read. [potion of mutation]
139952 | Zot:5    | Lost mutation: Armour fits poorly on your strangely shaped body. [potion of mutation]
139952 | Zot:5    | Gained mutation: Your spells are a little harder to cast, but a little more powerful. [potion of mutation]
139952 | Zot:5    | Gained mutation: Your flesh is heat resistant. (rF+) [potion of mutation]
139953 | Zot:5    | Lost mutation: You are dopey. (Int -2) [potion of mutation]
139953 | Zot:5    | Lost mutation: Your magical capacity is low. (-10% MP) [potion of mutation]
139953 | Zot:5    | Lost mutation: Your spells are a little harder to cast, but a little more powerful. [potion of mutation]
139953 | Zot:5    | Gained mutation: Scrolls take you a little longer to read. [potion of mutation]
139953 | Zot:5    | Gained mutation: Your muscles are strong. (Str +2) [potion of mutation]
139953 | Zot:5    | Gained mutation: You are partially covered in icy blue scales. (AC +2) [potion of mutation]
139954 | Zot:5    | Lost mutation: Scrolls take you a little longer to read. [potion of mutation]
139954 | Zot:5    | Lost mutation: Your muscles are strong. (Str +2) [potion of mutation]
139954 | Zot:5    | Gained mutation: Your spells are a little harder to cast, but a little more powerful. [potion of mutation]
139954 | Zot:5    | Gained mutation: You have sharp toenails. [potion of mutation]
139955 | Zot:5    | Lost mutation: You have sharp toenails. [potion of mutation]
139955 | Zot:5    | Lost mutation: Your flesh is heat resistant. (rF+) [potion of mutation]
139955 | Zot:5    | Gained mutation: You have a pair of small horns on your head. [potion of mutation]
139955 | Zot:5    | Lost mutation: Your spells are a little harder to cast, but a little more powerful. [potion of mutation]
139955 | Zot:5    | Gained mutation: You possess an exceptional clarity of mind. [potion of mutation]
140609 | Crypt:3  | Lost mutation: You are partially covered in icy blue scales. (AC +2) [potion of mutation]
140609 | Crypt:3  | Lost mutation: You expend magic power (3 MP) to strengthen your wands. [potion of mutation]
140609 | Crypt:3  | Gained mutation: You have a pair of horns on your head. [potion of mutation]
140609 | Crypt:3  | Gained mutation: You are agile. (Dex +2) [potion of mutation]
140609 | Crypt:3  | Gained mutation: Your flesh is cold resistant. (rC+) [potion of mutation]
140610 | Crypt:3  | Lost mutation: You possess an exceptional clarity of mind. [potion of mutation]
140610 | Crypt:3  | Lost mutation: Your flesh is cold resistant. (rC+) [potion of mutation]
140610 | Crypt:3  | Lost mutation: You have a pair of horns on your head. [potion of mutation]
140610 | Crypt:3  | Lost mutation: Your body sometimes deteriorates upon taking damage. [potion of mutation]
140610 | Crypt:3  | Gained mutation: Your spells are a little easier to cast, but a little less powerful. [potion of mutation]
140610 | Crypt:3  | Gained mutation: Your body sometimes deteriorates upon taking damage. [potion of mutation]
140610 | Crypt:3  | Gained mutation: You are weak. (Str -2) [potion of mutation]
140610 | Crypt:3  | Gained mutation: Your flesh is cold resistant. (rC+) [potion of mutation]
140885 | D:12     | Lost mutation: Your body sometimes deteriorates upon taking damage. [potion of mutation]
140885 | D:12     | Lost mutation: You are agile. (Dex +2) [potion of mutation]
140885 | D:12     | Gained mutation: You evolve. [potion of mutation]
140885 | D:12     | Gained mutation: You have a pair of horns on your head. [potion of mutation]
140885 | D:12     | Gained mutation: You are agile. (Dex +2) [potion of mutation]
140953 | D:15     | Lost mutation: Your spells are a little easier to cast, but a little less powerful. [potion of mutation]
140953 | D:15     | Lost mutation: You have a pair of horns on your head. [potion of mutation]
140953 | D:15     | Lost mutation: You have a pair of small horns on your head. [potion of mutation]
140953 | D:15     | Lost mutation: You are weak. (Str -2) [potion of mutation]
140953 | D:15     | Gained mutation: You are covered in fur. (AC +1) [potion of mutation]
141599 | Zot:5    | Got the Orb of Zot
141718 | Zot:2    | Lost mutation: You are occasionally teleported next to monsters. [evolution]
142159 | D:4      | Gained mutation: Your body sometimes deteriorates upon taking damage. [a neqoxec]
142163 | D:4      | Noticed Oseup the pandemonium lord
142244 | D:1      | Noticed Vazenuet the pandemonium lord
142255 | D:1      | Killed Vazenuet the pandemonium lord
142269 | D:$      | Escaped with the Orb!

Skill      XL: |  1  2  3  4  5  6  7  8  9 10 11 12 13 14 15 16 17 18 19 20 21 22 23 24 25 26 27 |
---------------+----------------------------------------------------------------------------------+-----
Earth Magic    | 4 5 6 7 8 9 11 12 13 14 15 16 17 18 19 21 22 23 24 25 26 | 26.2
Fighting       | 1 2 3 4 5 6 7 8 9 10 11 12 13 14 15 16 17 18 21 | 21.0
Spellcasting   | 3 4 5 6 7 8 9 10 11 12 13 14 15 16 17 18 19 21 | 21.6
Maces & Flails | 1 2 3 |  3.4
Conjurations   | 1 3 6 7 9 10 11 16 | 16.5
Shields        | 3 5 6 7 8 10 11 12 13 14 15 | 15.4
Fire Magic     | 2 4 5 6 7 8 9 10 11 12 13 14 15 18 | 18.5
Evocations     | 2 3 4 5 6 7 8 9 10 13 | 13.1
Armour         | 5 7 9 10 11 12 13 14 16 | 16.7
Dodging        | 3 7 |  7.8
Necromancy     | 2 |  2.2
Summonings     | 2 5 |  5.1
Air Magic      | 2 4 |  4.6
Translocations | 6 |  6.0
Hexes          | 5 |  5.0
Staves         | 6 |  6.3
Stealth        | |  2.1
Transmutations | |  0.7

Action                   |  1- 3 |  4- 6 |  7- 9 | 10-12 | 13-15 | 16-18 | 19-21 | 22-24 | 25-27 || total
-------------------------+-------+-------+-------+-------+-------+-------+-------+-------+-------++-------
Melee: Club              |    84 |    77 |       |       |       |       |       |       |       ||   161
       Unarmed           |     6 |       |       |       |       |       |       |       |       ||     6
       Whip              |       |   110 |    72 |       |       |       |       |       |       ||   182
       Mace              |       |       |   236 |   308 |   554 |     1 |       |       |       ||  1099
       Staff             |       |       |       |       |       |   302 |   284 |   343 |   911 ||  1840
 Cast: Sandblast         |    32 |     7 |     3 |    27 |   147 |   202 |    47 |    27 |    16 ||   508
       Stone Arrow       |       |    16 |    48 |   210 |   439 |   654 |   438 |   332 |    92 ||  2229
       Blink             |       |       |     1 |     6 |    21 |     8 |     5 |    10 |    12 ||    63
       Mephitic Cloud    |       |       |     1 |     1 |     4 |       |       |       |       ||     6
       Lee's Rapid Decon |       |       |       |    28 |    49 |    64 |    98 |   135 |    50 ||   424
       Petrify           |       |       |       |     1 |       |       |       |       |       ||     1
       Bolt of Magma     |       |       |       |     5 |    66 |    95 |     8 |    50 |    84 ||   308
       Passwall          |       |       |       |       |     1 |     1 |       |       |       ||     2
       Iron Shot         |       |       |       |       |       |   129 |   299 |   363 |   750 ||  1541
       Sticky Flame      |       |       |       |       |       |    88 |   102 |   201 |   167 ||   558
       Regeneration      |       |       |       |       |       |       |     1 |       |     4 ||     5
       Shatter           |       |       |       |       |       |       |       |     1 |    87 ||    88
       Swiftness         |       |       |       |       |       |       |       |       |     1 ||     1
       Airstrike         |       |       |       |       |       |       |       |       |    22 ||    22
       Summon Butterflie |       |       |       |       |       |       |       |       |     8 ||     8
       Call Canine Famil |       |       |       |       |       |       |       |       |     3 ||     3
Invok: Curse Item        |       |       |       |       |     1 |     1 |     3 |     1 |     3 ||     9
       Scrying           |       |       |       |       |       |       |     1 |     2 |       ||     3
 Abil: Fly               |       |       |       |       |     2 |       |     1 |     2 |     2 ||     7
       Stop Flying       |       |       |       |       |     1 |       |     1 |     2 |     2 ||     6
       Evoke Fog         |       |       |       |       |       |       |     1 |     3 |     8 ||    12
Evoke: Wand              |       |       |       |     2 |    11 |    29 |     3 |    23 |     7 ||    75
       Staff of energy   |       |       |       |       |       |    40 |     9 |    20 |   118 ||   187
       Crystal ball of e |       |       |       |       |       |       |       |       |    17 ||    17
       Phial of floods   |       |       |       |       |       |       |       |       |     2 ||     2
  Use: Scroll            |       |       |     6 |     7 |    12 |    11 |     8 |     1 |    13 ||    58
       Potion            |       |       |       |     2 |     1 |     1 |     1 |       |    13 ||    18
 Stab: Sleeping          |       |     5 |    14 |     2 |       |       |     3 |     1 |       ||    25
       Petrified         |       |       |       |     1 |       |       |       |       |       ||     1
       Distracted        |       |       |       |       |     1 |       |     2 |       |     2 ||     5
       Confused          |       |       |       |       |       |       |       |       |     1 ||     1
  Eat: Chunk             |     3 |    10 |    20 |    19 |    35 |    41 |    35 |    37 |    76 ||   276
       Ration            |       |       |       |     6 |     9 |     7 |    10 |    11 |    24 ||    67
Armor: Robe              |    32 |    75 |   164 |   180 |       |       |       |       |       ||   451
       Troll leather arm |       |       |       |       |   424 |   984 |    23 |       |       ||  1431
       Leather armour    |       |       |       |       |       |       |   203 |   392 |   125 ||   720
       Quicksilver drago |       |       |       |       |       |       |       |       |   791 ||   791
Dodge: Dodged            |    88 |   142 |   194 |   263 |   385 |   705 |   194 |   320 |   822 ||  3113
Block: Other             |       |       |       |    23 |       |       |       |       |       ||    23
       Reflection        |       |       |       |    12 |    22 |    81 |    88 |   116 |   103 ||   422
       Buckler           |       |       |       |   148 |   692 |    99 |       |       |       ||   939
       Shield            |       |       |       |       |       |  1907 |   802 |  1322 |  2383 ||  6414
